 Dungeon Sprint DCSS version 0.17-a0-1533-g2f57bce (webtiles) character file.

28 ztt the Covert (level 2, -5/13 HPs)
             Began as a Spriggan Enchanter on July 16, 2015.
             Slain by Crazy Yiuf
             ... wielding a +3 quarterstaff of chaos
              (6 damage)
             ... in the Dungeon (Sprint III: "The Ten Rune Challenge").
             The game lasted 00:00:26 (73 turns).

ztt the Covert (Spriggan Enchanter)                   Turns: 73, Time: 00:00:27

Health: -5/13      AC:  3    Str:  4    XL:     2   Next: 96%
Magic:  7/7        EV: 18    Int: 16    God:
Gold:   11         SH:  0    Dex: 16    Spells: 2 memorised, 4 levels left

rFire  . . .     SeeInvis +     a - +1 dagger
rCold  . . .     Clarity  .     b - +1 robe
rNeg   . . .     SustAt   .     (shield restricted)
rPois  .         Gourm    .     (helmet restricted)
rElec  .         Spirit   .     (no cloak)
rCorr  .         Warding  .     (gloves unavailable)
rMut   .         NoTele   +     (boots unavailable)
MR     .....                    (no amulet)
Stlth  +++++.....               (no ring)
                                (no ring)

@: very quick, not resistant to hostile enchantments, quite stealthy
A: unfitting armour, see invisible, herbivore 3, speed 3, slow metabolism 2
a: no special abilities


You were in the Dungeon.
You were not hungry.

You visited 1 branch You collected 11 gold pieces.

Inventory:

Hand weapons
 a - a +1 dagger (weapon)
Armour
 b - a +1 robe (worn)
Scrolls
 j - a scroll of blinking
Potions
 e - a potion of curing
 f - a potion of heal wounds
 g - a potion of haste
 h - 2 potions of magic
 i - a potion of berserk rage
 k - 2 potions of flight {unknown}
Books
 c - a book of Maledictions

   Spells                             Type                      Level
   a - Corona                         Hexes                        1
   b - Ensorcelled Hibernation        Hexes/Ice                    2
   c - Confuse                        Hexes                        3
   d - Tukima's Dance                 Hexes                        3
   e - Dazzling Spray                 Conjuration/Hexes            3
Comestibles
 d - a bread ration


   Skills:
 + Level 1.3 Short Blades
 + Level 3.5 Dodging
 * Level 8.6 Stealth
 + Level 3.1 Spellcasting
 + Level 5.0 Hexes


You had 4 spell levels left.
You knew the following spells:

 Your Spells              Type           Power        Failure   Level  Hunger
a - Corona                Hex            ###....      2%          1    None
b - Ensorcelled Hibernat  Hex/Ice        ##....       12%         2    ##.....


Dungeon Overview and Level Annotations

Branches:
Dungeon (1/1)

Altars:

Annotations:
D Crazy Yiuf


Innate Abilities, Weirdness & Mutations

You are tiny and cannot use many weapons and most armour.
You have supernaturally acute eyesight.
You are a herbivore.
You cover ground extremely quickly.
You need consume almost no food.


Message History

You continue memorising.
You finish memorising.
Spell assigned to 'b'.
k - 2 purple potions You see here a robe.
A human comes into view.
A human is nearby!
Crazy Yiuf the Enlightened comes into view.
He is wielding a quarterstaff of chaos.
Crazy Yiuf shouts!
Crazy Yiuf hits you with a quarterstaff of chaos.
The human shouts!
You hit the human.
The human is lightly wounded.
The human misses you.
You hit the human but do no damage.
The human is lightly wounded.
The human hits you!
Ouch! That really hurt!
* * * LOW HITPOINT WARNING * * *
Crazy Yiuf hits you with a quarterstaff of chaos.
You die...

▓▓▓▓▓▓▓▓▓ ▓▓
▓<..#...#### #.#
▓...#......## ..#
▓..##.....†.# ..#
▓##.##.##...# ..#
##.##.###..# +#..#
▓#.####.##..# #.p.+
▓.###..##..####@..#
▓#.....##..###.g..#
###..##[..##.....#
##†.##....#......#
#..###..##.#.....#
#(.# #..#####....#
▓▓▓▓ ▓▓▓▓ ▓▓▓▓▓▓


You could see a human and Crazy Yiuf.

Vanquished Creatures
  Jessica (D)
  3 rats (D)
4 creatures vanquished.

Vanquished Creatures (others)
  A yaktaur (D)
1 creature vanquished.

Grand Total: 5 creatures vanquished

Notes
Turn   | Place    | Note
--------------------------------------------------------------
     0 | D        | ztt the Spriggan Enchanter began the quest for the Orb.
     0 | D        | Reached XP level 1. HP: 9/9 MP: 5/5
    25 | D        | Reached skill level 5 in Stealth
    35 | D        | Noticed Jessica
    45 | D        | Killed Jessica
    45 | D        | Reached skill level 8 in Stealth
    45 | D        | Reached skill level 5 in Hexes
    45 | D        | Reached XP level 2. HP: 13/13 MP: 7/7
    49 | D        | Learned a level 2 spell: Ensorcelled Hibernation
    54 | D        | Noticed Crazy Yiuf
    70 | D        | Killed a yaktaur
    73 | D        | Slain by Crazy Yiuf

Vault maps used:
D:        dungeon_sprint_mu

Action                   || total
-------------------------++-------
Melee: Dagger            ||    12
 Stab: Sleeping          ||     1
